 Dungeon Crawl Stone Soup version 0.30-a0-141-g30f27751c5 (webtiles) character file.

Game seed: 17015654927733833637

27 jimonade the Grave Robber (level 2, 0/19 HPs)
             Began as a Demonspawn Necromancer on Sept 25, 2022.
             Slain by an adder (4 damage)
             ... on level 2 of the Dungeon.
             The game lasted 00:02:27 (1195 turns).

jimonade the Grave Robber (Demonspawn Necromancer)  Turns: 1195, Time: 00:02:27

Health: 0/19       AC:  2    Str:  8    XL:     2   Next: 93%
Magic:  1/5        EV: 12    Int: 16    God:
Gold:   79         SH:  0    Dex: 13    Spells: 4/5 levels left

rFire   . . .      SeeInvis .    c - +0 spear
rCold   . . .      Faith    .    (no shield)
rNeg    . . .      Spirit   .    a - +0 robe
rPois   .          Reflect  .    (no helmet)
rElec   .          Harm     .    (no cloak)
rCorr   .          Rampage  .    (no gloves)
Will    .....                    (no boots)
Stlth   ++........               (no amulet)
HPRegen 0.06/turn                (no ring)
MPRegen 0.09/turn                (no ring)

@: very slightly contaminated
A: hooves 1
a: no special abilities


You were on level 2 of the Dungeon.
You visited 1 branch of the dungeon, and saw 2 of its levels.

You collected 79 gold pieces.

Inventory:

Hand Weapons
 c - a +0 spear (weapon)
 f - a +0 sling
Missiles
 d - 6 javelins
Armour
 a - a +0 robe (worn)
Jewellery
 h - a ring of protection from fire
Scrolls
 e - 3 scrolls of identify {unknown}
Potions
 b - a potion of magic
 g - a potion of resistance {unknown}


   Skills:
 - Level 1.7 Dodging
 - Level 1.7 Stealth
 + Level 2.3 Spellcasting
 + Level 5.2 Necromancy


You had 4 spell levels left.
You knew the following spells:

 Your Spells              Type           Power      Damage    Failure   Level
a - Necrotise             Necr           72%        1d7       2%          1

Your spell library contained the following spells:

 Spells                   Type           Power      Damage    Failure   Level
 Vampiric Draining        Necr           18%        2d7       7%          3
 Animate Dead             Necr           18%        N/A       24%         4
 Agony                    Necr           18%        N/A       54%         5


Dungeon Overview and Level Annotations

Branches:
Dungeon (2/15)

Altars:
Wu Jian


Innate Abilities, Weirdness & Mutations

You have large cloven feet.


Message History

You kill the frilled lizard!
The adder hisses angrily.
The dead are walking!
The hobgoblin writhes in agony.
The hobgoblin writhes in agony.
You kill the hobgoblin!
The dead are walking!
You miscast Necrotise.
You are very lightly contaminated with residual magic.
Nothing appears to happen.
The adder barely misses you.
You are out of magic!
You are out of magic!
You hit the adder but do no damage. Your kick misses the adder.
The adder bites you.
You miss the adder. The adder bites you.
Your hobgoblin skeleton barely misses the adder.
The adder bites you.
You are poisoned.
The adder poisons you!
Your frilled lizard skeleton barely misses the adder.
You barely miss the adder. Your kick misses the adder.
You feel sick. The adder bites you.
Your hobgoblin skeleton completely misses the adder.
Your frilled lizard skeleton bites the adder.
You barely miss the adder.
The adder is lightly wounded.
You feel sick. The adder bites you.
Your hobgoblin skeleton closely misses the adder.
The adder completely misses you.
Your frilled lizard skeleton closely misses the adder.
You hit the adder but do no damage. You kick the adder, but do no damage.
The adder is lightly wounded.
You feel sick. The adder bites you but does no damage.
Your hobgoblin skeleton barely misses the adder.
You hit the adder. You kick the adder, but do no damage.
The adder is heavily wounded.
You feel sick.
You are no longer poisoned.
The adder bites you.
You die...

####.## #.....#
#.....# ##.._..#
#......# #......
###...#.######+#
........@......#
.#
#######.#SZ....#
..
(.......+.Z....#
#.#######.#......#
#.........#......#
##..###.###......#
#...<..# #......#
##.....# #......#
#.............##


You could see an adder (ally target), a friendly frilled lizard skeleton and a
friendly hobgoblin skeleton.

Vanquished Creatures
  2 dart slugs (D:1)
  3 ball pythons (D:1)
  2 endoplasms (D:1)
  A hobgoblin (D:2)
  3 jackals (D:1)
  2 kobolds (D:1)
  3 frilled lizards
  3 goblins (D:1)
  2 rats (D:1)
21 creatures vanquished.

Notes
Turn   | Place    | Note
-------+----------+-------------------------------------------
     0 | D:1      | jimonade the Demonspawn Necromancer began the quest for the
                  | Orb.
     0 | D:1      | Reached XP level 1. HP: 13/13 MP: 3/3
    72 | D:1      | Found a faded altar of an unknown god.
   525 | D:1      | Discovered your monstrous ancestry.
   525 | D:1      | Gained mutation: You have large cloven feet. [demonic
                  | ancestry]
   525 | D:1      | Reached XP level 2. HP: 19/19 MP: 1/5
   663 | D:1      | Reached skill level 5 in Necromancy
  1178 | D:2      | Found an ornate altar of the Wu Jian Council.
  1195 | D:2      | Slain by an adder

Illustrated notes

Levels and vault maps discovered:
D:1:      dpeg_arrival_rhombus, layout_rooms,
          hellmonk_ecumenical_altar_dog_temple, chequers_serial_rivers_large_b
D:2:      layout_basic, basic_altar, kennysheep_doodads,
          kennysheep_generic_room_6, uniq_robin

Skill      XL: |  1  2 |
---------------+-------+-----
Necromancy     | 5 |  5.2
Dodging        | |  1.7
Stealth        | |  1.7
Spellcasting   | |  2.3

Action                   || total
-------------------------++-------
Melee: Spear             ||    18
       Kick              ||     3
 Cast: Necrotise         ||    35
Armor: Robe              ||     3
Dodge: Dodged            ||    17

Table legend: (Time is in decaauts)
 A = Elapsed time spent in this place.
 B = Non-inter-level travel time spent in this place.
 C = Inter-level travel time spent in this place.
 D = Time resting spent in this place.
 E = Time spent auto-exploring this place.
 F = Levels seen in this place.
 G = Mean time per level.
                   A        B        C        D        E       F      G
               +--------+--------+--------+--------+--------+-----+--------+
         Total |   1219 |   1205 |     14 |    335 |    647 |   2 |  609.5 |
       Dungeon |   1219 |   1205 |     14 |    335 |    647 |   2 |  609.5 |
               +--------+--------+--------+--------+--------+-----+--------+

Top non-repeatable levels by time:
     D:1: 1195 daAuts
     D:2: 24 daAuts
